[Event "Queens Festival Final Team 2022"]
[Site "Tornelo"]
[Date "2022.06.26"]
[Round "5.4"]
[White "Agajanova, Meryem"]
[Black "Vukosavljevic, Tatjana"]
[Result "1-0"]
[ECO "D27"]
[WhiteElo "1783"]
[BlackElo "1758"]
[Annotator "NA"]
[PlyCount "147"]
[EventDate "2022.06.24"]
[EventType "team-tourn"]
[EventCountry "NET"]
[SourceTitle "playchess.com"]
[Source "ChessBase"]
[SourceQuality "1"]
[WhiteTeam "Turkmenistan"]
[BlackTeam "Serbia"]
[WhiteTeamCountry "TKM"]
[BlackTeamCountry "SRB"]
[TimeControl "180+2"]

1. d4 d5 2. Nf3 Nf6 3. c4 dxc4 4. e3 e6 5. Bxc4 c5 6. O-O Nbd7 7. Nc3 a6 8. a4 b6 9. Qe2 Bb7 10. Rd1 Qc7 11. b3 Bd6 12. h3 O-O 13. Bb2 Rfd8 14. Rac1 Qb8 15. dxc5 Nxc5 16. Rd2 Nfe4 17. Nxe4 Nxe4 18. Rdd1 h6 19. Bd3 Qa7 20. Nd4 Rac8 21. Bb1 Qa8 22. Rxc8 Qxc8 23. Qg4 Nf6 24. Qe2 Qa8 25. f3 Bc5 26. Nc2 Bd5 27. b4 Be7 28. e4 Bb7 29. Bc3 Qc8 30. Rxd8+ Qxd8 31. Qd2 Qxd2 32. Bxd2 Nd7 33. Be3 Kf8 34. Kf2 Bd6 35. Ke2 b5 36. axb5 axb5 37. Bd4 e5 38. Be3 Ke7 39. Ba2 Nb8 40. Kd3 Nc6 41. Kc3 f6 42. Bd5 Kd7 43. Bc5 Bxc5 44. bxc5 Kc7 45. Nb4 Nxb4 46. Kxb4 Ba6 47. Ka5 Bc8 48. Kxb5 Bd7+ 49. Kb4 Bc6 50. Kc4 Ba4 51. Kc3 Bd1 52. Kd2 Ba4 53. g3 Bb5 54. f4 Bf1 55. h4 Bb5 56. Kc3 Ba6 57. Kd2 Bb5 58. Ke3 Ba4 59. fxe5 fxe5 60. Kf3 Bd7 61. Ke3 Bc6 62. Kd3 Bb5+ 63. Kc3 Ba6 64. Bc4 Bb7 65. Bd5 Ba6 66. Kb4 Be2 67. Ba8 Bd3 68. Kc3 Ba6 69. Bd5 Bf1 70. Kd2 Bb5 71. Ke3 Bc6 72. Kf3 Bb5 73. Kg4 Be8 74. Kf5 1-0

[Event "Queens Festival Final Team 2022"]
[Site "Tornelo"]
[Date "2022.06.26"]
[Round "5.5"]
[White "Mammadova, Aysel"]
[Black "Mwendwa, Triza"]
[Result "1-0"]
[ECO "C01"]
[WhiteElo "1893"]
[BlackElo "1470"]
[Annotator "NA RC"]
[PlyCount "83"]
[EventDate "2022.06.24"]
[EventType "team-tourn"]
[EventCountry "NET"]
[SourceTitle "playchess.com"]
[Source "ChessBase"]
[SourceQuality "1"]
[WhiteTeam "Azerbaijan"]
[BlackTeam "Kenya"]
[WhiteTeamCountry "AZE"]
[BlackTeamCountry "KEN"]
[TimeControl "180+2"]

1. e4 e6 2. d4 d5 3. exd5 exd5 4. Bd3 Bd6 5. Nf3 Ne7 6. O-O Bf5 7. c3 Bxd3 8. Qxd3 c6 9. Be3 Nd7 10. Nbd2 Nf6 11. c4 dxc4 12. Nxc4 Bc7 13. Bg5 Nfd5 14. Rfe1 f6 15. Bd2 O-O 16. Qe4 Ng6 17. Qe6+ Kh8 18. Qg4 Ndf4 19. Bxf4 Bxf4 20. g3 Bc7 21. Rad1 Qd5 22. Ne3 Qxa2 23. Nf5 Rfe8 24. N3h4 Qf7 25. Qh5 Rad8 26. d5 cxd5 27. Rxe8+ Rxe8 28. Nxg6+ Qxg6 29. Qf3 Re5 30. Rxd5 Re1+ 31. Kg2 Qe8 32. Ne3 Bb6 33. Nc4 Bxf2 34. Kxf2 Re7 35. Rd2 h6 36. Ne3 Qb5 37. Re2 Rc7 38. Nf5 Qb6+ 39. Kg2 Rc5 40. Re8+ Kh7 41. Qd3 g6 42. Qd7# 1-0

[Event "Queens Festival Final Team 2022"]
[Site "Tornelo"]
[Date "2022.06.26"]
[Round "5.5"]
[White "Shah, Riya"]
[Black "Ismayil, Malak"]
[Result "0-1"]
[ECO "A45"]
[WhiteElo "1559"]
[BlackElo "2001"]
[Annotator "NA RC"]
[PlyCount "102"]
[EventDate "2022.06.24"]
[EventType "team-tourn"]
[EventCountry "NET"]
[SourceTitle "playchess.com"]
[Source "ChessBase"]
[SourceQuality "1"]
[WhiteTeam "Kenya"]
[BlackTeam "Azerbaijan"]
[WhiteTeamCountry "KEN"]
[BlackTeamCountry "AZE"]
[TimeControl "180+2"]

1. d4 Nf6 2. e3 e6 3. Bd3 Be7 4. f4 O-O 5. Nf3 d6 6. O-O Nc6 7. b3 Re8 8. Bb2 Bf8 9. c3 g6 10. e4 Bg7 11. e5 Nd5 12. Qd2 Bh6 13. Ng5 dxe5 14. dxe5 Nxe5 15. fxe5 Qxg5 16. Qf2 Qe3 17. Qxe3 Nxe3 18. Rf2 Ng4 19. Re2 Rd8 20. h3 Nxe5 21. Rxe5 Rxd3 22. Na3 Bd7 23. Nc4 Bc6 24. Re2 Rad8 25. Rf1 Rd1 26. Ne5 Rxf1+ 27. Kxf1 Rd1+ 28. Kf2 Be8 29. Ng4 Bg7 30. c4 Bxb2 31. Rxb2 Kg7 32. Ne3 Rd8 33. Ke2 f5 34. g3 Bf7 35. h4 e5 36. Rd2 Rxd2+ 37. Kxd2 Kf6 38. Kd3 Be6 39. a4 h6 40. b4 g5 41. hxg5+ hxg5 42. c5 f4 43. gxf4 exf4 44. Nf1 Ke5 45. b5 g4 46. a5 b6 47. axb6 axb6 48. cxb6 cxb6 49. Nd2 Bd5 50. Nb1 Be4+ 51. Kd2 Bxb1 0-1

[Event "Queens Festival Final Team 2022"]
[Site "Tornelo"]
[Date "2022.06.26"]
[Round "5.5"]
[White "Kosgey Sheila Jerop"]
[Black "Khalilova, Khadija"]
[Result "0-1"]
[ECO "A05"]
[WhiteElo "1242"]
[BlackElo "1777"]
[Annotator "NA RC"]
[PlyCount "64"]
[EventDate "2022.06.24"]
[EventType "team-tourn"]
[EventCountry "NET"]
[SourceTitle "playchess.com"]
[Source "ChessBase"]
[SourceQuality "1"]
[WhiteTeam "Kenya"]
[BlackTeam "Azerbaijan"]
[WhiteTeamCountry "KEN"]
[BlackTeamCountry "AZE"]
[TimeControl "180+2"]

1. e4 c5 2. Nf3 d6 3. g3 Nf6 4. d3 Nc6 5. Bg2 g6 6. O-O Bg7 7. Re1 O-O 8. c3 e6 9. d4 cxd4 10. cxd4 d5 11. exd5 Nxd5 12. Nc3 Nb6 13. Bg5 Qd7 14. Ne5 Qe8 15. Nxc6 bxc6 16. d5 cxd5 17. Nxd5 Nxd5 18. Bxd5 Rb8 19. Bf4 Rb6 20. Rb1 Qb5 21. Bb3 Bb7 22. Be3 Qc6 23. Kf1 Qg2+ 24. Ke2 Bf3+ 25. Kd2 Rd6+ 26. Kc2 Rc8+ 27. Bc4 Bxd1+ 28. Rexd1 Rxd1 29. Rxd1 Rxc4+ 30. Kb3 Qc6 31. Rd8+ Bf8 32. Bh6 Qb5# 0-1

[Event "Queens Festival Final Team 2022"]
[Site "Tornelo"]
[Date "2022.06.26"]
[Round "5.5"]
[White "Bakhshizada, Asnad"]
[Black "Muthoni, Vivian"]
[Result "1-0"]
[ECO "E91"]
[WhiteElo "1052"]
[BlackElo "1128"]
[Annotator "NA RC"]
[PlyCount "69"]
[EventDate "2022.06.24"]
[EventType "team-tourn"]
[EventCountry "NET"]
[SourceTitle "playchess.com"]
[Source "ChessBase"]
[SourceQuality "1"]
[WhiteTeam "Azerbaijan"]
[BlackTeam "Kenya"]
[WhiteTeamCountry "AZE"]
[BlackTeamCountry "KEN"]
[TimeControl "180+2"]

1. d4 Nf6 2. c4 g6 3. Nc3 Bg7 4. e4 d6 5. Nf3 O-O 6. Be2 Bg4 7. O-O Nbd7 8. Be3 e5 9. d5 c6 10. dxc6 bxc6 11. Qxd6 Qc8 12. Nxe5 Bxe2 13. Nxe2 Nxe5 14. Qxe5 Ng4 15. Qf4 Be5 16. Qf3 Nxh2 17. Qh3 Qxh3 18. gxh3 Nxf1 19. Rxf1 f5 20. Bh6 Rf7 21. exf5 Rxf5 22. b3 Rh5 23. Be3 Rxh3 24. Kg2 Rh2+ 25. Kf3 Rf8+ 26. Ke4 Bc7 27. Kd3 Rh4 28. Kc2 Rh3 29. Bc5 Rff3 30. Bd4 Rd3 31. Be3 Rf3 32. Kxd3 Bb6 33. Nd4 Bxd4 34. Kxd4 h5 35. Rg1 1-0

[Event "Queens Festival Final Team 2022"]
[Site "Tornelo"]
[Date "2022.06.26"]
[Round "5.6"]
[White "Francis, Onkemetse"]
[Black "Nkhoma, Desiderata"]
[Result "1-0"]
[ECO "B23"]
[WhiteElo "1777"]
[BlackElo "1465"]
[Annotator "NA RC"]
[PlyCount "57"]
[EventDate "2022.06.24"]
[EventType "team-tourn"]
[EventCountry "NET"]
[SourceTitle "playchess.com"]
[Source "ChessBase"]
[SourceQuality "1"]
[WhiteTeam "Botswana"]
[BlackTeam "MAW"]
[WhiteTeamCountry "BOT"]
[TimeControl "180+2"]

1. e4 c5 2. Nc3 d6 3. f4 Nf6 4. Nf3 g6 5. Bc4 Bg7 6. d3 O-O 7. O-O Nc6 8. Qe1 e5 9. Qh4 Be6 10. fxe5 dxe5 11. Bg5 Bxc4 12. dxc4 Rc8 13. Nd5 h6 14. Bxf6 Qd7 15. Bxg7 Kxg7 16. Rad1 Qe6 17. c3 b6 18. Rf2 f6 19. Rdf1 g5 20. Qg3 Na5 21. Nd2 Nc6 22. Rxf6 Rxf6 23. Rxf6 Qe8 24. Qf2 Ne7 25. Nf1 Ng6 26. g3 Rd8 27. Nfe3 Rc8 28. Nf5+ Kh7 29. Nfe3 1-0

[Event "Queens Festival Final Team 2022"]
[Site "Tornelo"]
[Date "2022.06.26"]
[Round "5.6"]
[White "Marape, Naledi"]
[Black "Shriyan santosh Priyasha"]
[Result "0-1"]
[ECO "A05"]
[WhiteElo "1707"]
[BlackElo "1597"]
[Annotator "NA RC"]
[PlyCount "72"]
[EventDate "2022.06.24"]
[EventType "team-tourn"]
[EventCountry "NET"]
[SourceTitle "playchess.com"]
[Source "ChessBase"]
[SourceQuality "1"]
[WhiteTeam "Botswana"]
[BlackTeam "MAW"]
[WhiteTeamCountry "BOT"]
[TimeControl "180+2"]

1. e4 g6 2. d3 Bg7 3. Nd2 d6 4. g3 c5 5. Bg2 Nf6 6. Ngf3 O-O 7. O-O Nc6 8. c3 e5 9. Re1 a6 10. h4 Be6 11. Nf1 Re8 12. Bg5 h6 13. Be3 Ng4 14. Bd2 d5 15. Ne3 Nxe3 16. Bxe3 d4 17. Bd2 Rc8 18. a3 b5 19. h5 g5 20. Nh2 Na5 21. Rf1 Nb3 22. Rb1 Nxd2 23. Qxd2 c4 24. dxc4 Bxc4 25. Rfd1 Bb3 26. Rdc1 Qe7 27. f4 dxc3 28. Rxc3 Rxc3 29. bxc3 Bc4 30. fxg5 hxg5 31. g4 Rd8 32. Qb2 Rd7 33. Bf3 Qd8 34. Nf1 Qf6 35. Kg2 Qf4 36. Ne3 Qxe3 0-1

[Event "Queens Festival Final Team 2022"]
[Site "Tornelo"]
[Date "2022.06.26"]
[Round "5.6"]
[White "Banda Tapiwa"]
[Black "Banda Natalie Katlo"]
[Result "0-1"]
[ECO "B10"]
[WhiteElo "1213"]
[BlackElo "1629"]
[Annotator "NA RC"]
[PlyCount "74"]
[EventDate "2022.06.24"]
[EventType "team-tourn"]
[EventCountry "NET"]
[SourceTitle "playchess.com"]
[Source "ChessBase"]
[SourceQuality "1"]
[WhiteTeam "MAW"]
[BlackTeam "Botswana"]
[BlackTeamCountry "BOT"]
[TimeControl "180+2"]

1. e4 c6 2. Nf3 d5 3. e5 Bg4 4. d4 e6 5. Be2 Bxf3 6. Bxf3 Nd7 7. c3 c5 8. Be3 Qb6 9. b3 cxd4 10. Bxd4 Bc5 11. O-O Bxd4 12. Qxd4 Qxd4 13. cxd4 Rc8 14. Nd2 Ne7 15. Rfc1 O-O 16. h3 Nf5 17. Rxc8 Rxc8 18. Nf1 Nxd4 19. Bg4 Nxe5 20. Bh5 g6 21. Bd1 Nc2 22. Bxc2 Rxc2 23. Ne3 Rd2 24. Kf1 Nd3 25. Ng4 h5 26. Nf6+ Kg7 27. Nd7 Rxf2+ 28. Kg1 Re2 29. Kf1 Rc2 30. Rd1 Nf4 31. Ne5 Nxg2 32. Nf3 Ne3+ 33. Ke1 Nxd1 34. Kxd1 Rxa2 35. Nd2 Rxd2+ 36. Kxd2 e5 37. Kd3 f5 0-1

[Event "Queens Festival Final Team 2022"]
[Site "Tornelo"]
[Date "2022.06.26"]
[Round "6.1"]
[White "Subramanian, Anusha"]
[Black "Shriyan santosh Priyasha"]
[Result "1/2-1/2"]
[ECO "B06"]
[WhiteElo "1671"]
[BlackElo "1597"]
[Annotator "NA RC"]
[PlyCount "129"]
[EventDate "2022.06.24"]
[EventType "team-tourn"]
[EventCountry "NET"]
[SourceTitle "playchess.com"]
[Source "ChessBase"]
[SourceQuality "1"]
[WhiteTeam "England"]
[BlackTeam "MAW"]
[WhiteTeamCountry "ENG"]
[TimeControl "180+2"]

1. e4 g6 2. d4 Bg7 3. Nf3 d6 4. Bd3 a6 5. c4 Nf6 6. Nc3 O-O 7. O-O Re8 8. Bg5 h6 9. Be3 e5 10. Qd2 Ng4 11. h3 Nxe3 12. Qxe3 exd4 13. Nxd4 Nd7 14. Rac1 Nc5 15. b4 Nxd3 16. Qxd3 Bd7 17. Rfd1 Qg5 18. Nf3 Qd8 19. c5 Bc6 20. cxd6 cxd6 21. Qxd6 Qxd6 22. Rxd6 Bxc3 23. Rxc3 Rxe4 24. a3 Rae8 25. Nd2 Re1+ 26. Kh2 R8e2 27. Kg3 Rg1 28. Nf3 Rf1 29. Nd4 Ra2 30. Nxc6 bxc6 31. Rf6 Kg7 32. Rcxc6 Rxa3+ 33. Kh2 Rb1 34. Rxa6 Rab3 35. Rfc6 Rxb4 36. Rc7 Rb7 37. Ra7 Rxa7 38. Rxa7 Rb2 39. Kg3 Rb3+ 40. Kg4 Rb5 41. f4 h5+ 42. Kf3 Rb3+ 43. Kf2 Rb2+ 44. Kf3 Kf6 45. Ra6+ Kg7 46. Ra3 Rb5 47. g4 hxg4+ 48. hxg4 Rc5 49. Kg3 Rc1 50. Kf3 Rf1+ 51. Kg3 Rc1 52. Ra6 Rc3+ 53. Kf2 Rc4 54. Kf3 Rb4 55. Ke3 Kf8 56. Ra7 Kg7 57. Ra6 Rb5 58. Ra7 Rb3+ 59. Kf2 Rb2+ 60. Kf3 Rb3+ 61. Kf2 Rb8 62. Kf3 Kf6 63. Ra6+ Kg7 64. Ra7 Rb3+ 65. Kf2 1/2-1/2

[Event "Queens Festival Final Team 2022"]
[Site "Tornelo"]
[Date "2022.06.26"]
[Round "6.1"]
[White "Posadas, Rayelynn"]
[Black "Nkhoma, Desiderata"]
[Result "1-0"]
[ECO "E65"]
[WhiteElo "1648"]
[BlackElo "1465"]
[Annotator "NA RC"]
[PlyCount "77"]
[EventDate "2022.06.24"]
[EventType "team-tourn"]
[EventCountry "NET"]
[SourceTitle "playchess.com"]
[Source "ChessBase"]
[SourceQuality "1"]
[WhiteTeam "England"]
[BlackTeam "MAW"]
[WhiteTeamCountry "ENG"]
[TimeControl "180+2"]

1. Nf3 c5 2. g3 d6 3. Bg2 Nf6 4. O-O g6 5. d4 Bg7 6. c4 cxd4 7. Nxd4 O-O 8. Nc3 Nc6 9. Nxc6 bxc6 10. Bxc6 Rb8 11. Qc2 Bb7 12. Bxb7 Rxb7 13. b3 e5 14. Bb2 Nh5 15. Rfd1 f5 16. Qd2 Rd7 17. Qd5+ Kh8 18. e3 f4 19. Ne4 fxg3 20. hxg3 Nf6 21. Nxf6 Bxf6 22. Kg2 Bg7 23. Rh1 h5 24. Qe4 Qf6 25. Raf1 Rdf7 26. f4 a6 27. Rf2 Qd8 28. Qxg6 Qa8+ 29. e4 Rf6 30. Rxh5+ Kg8 31. Qh7+ Kf7 32. Rg5 Rg8 33. fxe5 Rxf2+ 34. Kxf2 Qa7+ 35. Kf3 Kf8 36. Rf5+ Ke8 37. Qg6+ Kd8 38. Qxd6+ Qd7 39. Qb6+ 1-0

[Event "Queens Festival Final Team 2022"]
[Site "Tornelo"]
[Date "2022.06.26"]
[Round "6.1"]
[White "Banda Tapiwa"]
[Black "Catabay, Mae Katelyn Rose"]
[Result "0-1"]
[ECO "A34"]
[WhiteElo "1213"]
[BlackElo "1321"]
[Annotator "NA RC"]
[PlyCount "82"]
[EventDate "2022.06.24"]
[EventType "team-tourn"]
[EventCountry "NET"]
[SourceTitle "playchess.com"]
[Source "ChessBase"]
[SourceQuality "1"]
[WhiteTeam "MAW"]
[BlackTeam "England"]
[BlackTeamCountry "ENG"]
[TimeControl "180+2"]

1. e4 c5 2. Nf3 d6 3. c4 Nc6 4. Nc3 Nf6 5. d3 g6 6. Rb1 Bg7 7. Be2 O-O 8. O-O e6 9. b3 d5 10. cxd5 exd5 11. e5 Ng4 12. Bf4 Ngxe5 13. Nxe5 Nxe5 14. Qd2 Be6 15. Bh6 Bxh6 16. Qxh6 Qf6 17. Qe3 d4 18. Ne4 dxe3 19. Nxf6+ Kg7 20. Ne4 exf2+ 21. Rxf2 b6 22. Rbf1 Rad8 23. g3 Nxd3 24. Bxd3 Rxd3 25. Ng5 Bd5 26. Re1 h6 27. Nh3 g5 28. Rf5 Be6 29. Ref1 Bxf5 30. Rxf5 Kg6 31. Rf2 f5 32. Kg2 Rfd8 33. Ng1 Rd2 34. Nf3 Rxf2+ 35. Kxf2 Kf6 36. h3 h5 37. a4 g4 38. hxg4 hxg4 39. Ne1 Rd2+ 40. Ke3 Rb2 41. Kd3 Rxb3+ 0-1

[Event "Queens Festival Final Team 2022"]
[Site "Tornelo"]
[Date "2022.06.26"]
[Round "6.2"]
[White "Ismayil, Malak"]
[Black "Marape, Naledi"]
[Result "1-0"]
[ECO "B52"]
[WhiteElo "2001"]
[BlackElo "1707"]
[Annotator "NA RC"]
[PlyCount "39"]
[EventDate "2022.06.24"]
[EventType "team-tourn"]
[EventCountry "NET"]
[SourceTitle "playchess.com"]
[Source "ChessBase"]
[SourceQuality "1"]
[WhiteTeam "Azerbaijan"]
[BlackTeam "Botswana"]
[WhiteTeamCountry "AZE"]
[BlackTeamCountry "BOT"]
[TimeControl "180+2"]

1. e4 c5 2. Nf3 d6 3. Bb5+ Bd7 4. Bxd7+ Nxd7 5. O-O Ngf6 6. Re1 g6 7. d4 cxd4 8. Nxd4 Bg7 9. Nc3 O-O 10. Bg5 Rc8 11. Qd2 a6 12. h3 b5 13. a3 Qb6 14. Rad1 Rc4 15. Nb3 b4 16. axb4 Qxb4 17. Qd3 a5 18. Bd2 a4 19. Nd5 Qc5 20. Nxc5 1-0

[Event "Queens Festival Final Team 2022"]
[Site "Tornelo"]
[Date "2022.06.26"]
[Round "6.2"]
[White "Khalilova, Khadija"]
[Black "Francis, Onkemetse"]
[Result "1-0"]
[ECO "C10"]
[WhiteElo "1777"]
[BlackElo "1777"]
[Annotator "NA RC"]
[PlyCount "55"]
[EventDate "2022.06.24"]
[EventType "team-tourn"]
[EventCountry "NET"]
[SourceTitle "playchess.com"]
[Source "ChessBase"]
[SourceQuality "1"]
[WhiteTeam "Azerbaijan"]
[BlackTeam "Botswana"]
[WhiteTeamCountry "AZE"]
[BlackTeamCountry "BOT"]
[TimeControl "180+2"]

1. e4 e6 2. d4 d5 3. Nd2 dxe4 4. Nxe4 Nf6 5. Ng3 Be7 6. Nf3 O-O 7. Bd3 c5 8. O-O Nc6 9. dxc5 Bxc5 10. c3 h6 11. Qe2 b6 12. Ne4 Nxe4 13. Qxe4 g6 14. Bxh6 Bb7 15. Qe2 Re8 16. Rad1 Qf6 17. Bg5 Qg7 18. Bb5 a6 19. Bc4 b5 20. Bd3 Be7 21. Bf4 Rad8 22. Be4 Bf6 23. h3 Qf8 24. Qe3 Bg7 25. Qb6 Qe7 26. Bxc6 Bxc6 27. Qxc6 Rxd1 28. Rxd1 1-0

[Event "Queens Festival Final Team 2022"]
[Site "Tornelo"]
[Date "2022.06.26"]
[Round "6.2"]
[White "Banda Natalie Katlo"]
[Black "Bakhshizada, Asnad"]
[Result "0-1"]
[ECO "D04"]
[WhiteElo "1629"]
[BlackElo "1052"]
[Annotator "NA RC"]
[PlyCount "94"]
[EventDate "2022.06.24"]
[EventType "team-tourn"]
[EventCountry "NET"]
[SourceTitle "playchess.com"]
[Source "ChessBase"]
[SourceQuality "1"]
[WhiteTeam "Botswana"]
[BlackTeam "Azerbaijan"]
[WhiteTeamCountry "BOT"]
[BlackTeamCountry "AZE"]
[TimeControl "180+2"]

1. d4 d5 2. Nf3 Nf6 3. e3 Bf5 4. Bd3 Bxd3 5. Qxd3 e6 6. Qb5+ Nbd7 7. Qxb7 Bd6 8. Qa6 O-O 9. Qd3 Ne4 10. Nc3 Ndf6 11. Ne5 c5 12. f3 c4 13. Qe2 Nxc3 14. bxc3 Qc7 15. f4 Ne4 16. Bd2 Qa5 17. Nc6 Qb6 18. Ne5 Qb2 19. Qd1 Nxc3 20. Bxc3 Qxc3+ 21. Ke2 Bxe5 22. fxe5 Rab8 23. Qd2 Qxd2+ 24. Kxd2 Rfc8 25. c3 Rb2+ 26. Kd1 Rxg2 27. h3 Rb8 28. Kc1 h6 29. Rb1 Rxb1+ 30. Kxb1 Re2 31. a4 Rxe3 32. Kb2 Re2+ 33. Ka3 a5 34. Rb1 Rc2 35. Rb8+ Kh7 36. Rb5 Rxc3+ 37. Kb2 Rb3+ 38. Kc2 Rxh3 39. Rxa5 g5 40. Ra7 Ra3 41. a5 g4 42. Rxf7+ Kg6 43. Ra7 g3 44. a6 g2 45. Re7 g1=Q 46. Rxe6+ Kf7 47. Rg6 Qxg6+ 0-1

[Event "Queens Festival Final Team 2022"]
[Site "Tornelo"]
[Date "2022.06.26"]
[Round "6.2"]
[White "Moshoboro Arona"]
[Black "Mammadova, Aysel"]
[Result "0-1"]
[ECO "E20"]
[WhiteElo "1555"]
[BlackElo "1893"]
[Annotator "NA RC"]
[PlyCount "70"]
[EventDate "2022.06.24"]
[EventType "team-tourn"]
[EventCountry "NET"]
[SourceTitle "playchess.com"]
[Source "ChessBase"]
[SourceQuality "1"]
[WhiteTeam "Botswana"]
[BlackTeam "Azerbaijan"]
[WhiteTeamCountry "BOT"]
[BlackTeamCountry "AZE"]
[TimeControl "180+2"]

1. d4 Nf6 2. c4 e6 3. Nc3 Bb4 4. Bd2 O-O 5. a3 Bxc3 6. Bxc3 Ne4 7. Bd2 b6 8. e3 Bb7 9. Nf3 d6 10. Bd3 Nd7 11. O-O f5 12. Qe2 Ndf6 13. Rac1 c5 14. Rfd1 Qe8 15. Bc3 Qg6 16. Bc2 Nxc3 17. bxc3 Ne4 18. Qd3 Nxc3 19. Nh4 Qg4 20. g3 Ne2+ 21. Kf1 Nxc1 22. Rxc1 Qh3+ 23. Ke2 g5 24. Nf3 Qg4 25. d5 exd5 26. cxd5 a5 27. Bb3 Ba6 28. Bc4 b5 29. Bxb5 Bxb5 30. Qxb5 Rab8 31. Qd7 Rb2+ 32. Ke1 Qxf3 33. Qe6+ Rf7 34. Qe8+ Kg7 35. Qa4 Qe2# 0-1

[Event "Queens Festival Final Team 2022"]
[Site "Tornelo"]
[Date "2022.06.26"]
[Round "6.3"]
[White "Maksimovic, Suzana"]
[Black "Shah, Riya"]
[Result "1-0"]
[ECO "A43"]
[WhiteElo "2145"]
[BlackElo "1559"]
[Annotator "NA RC"]
[PlyCount "94"]
[EventDate "2022.06.24"]
[EventType "team-tourn"]
[EventCountry "NET"]
[SourceTitle "playchess.com"]
[Source "ChessBase"]
[SourceQuality "1"]
[WhiteTeam "Serbia"]
[BlackTeam "Kenya"]
[WhiteTeamCountry "SRB"]
[BlackTeamCountry "KEN"]
[TimeControl "180+2"]

1. d4 g6 2. e4 Bg7 3. Nc3 c5 4. d5 d6 5. f4 f5 6. exf5 Bxf5 7. Nf3 e6 8. Bb5+ Nd7 9. dxe6 Bxe6 10. Qxd6 Qe7 11. Qxe7+ Kxe7 12. O-O a6 13. Bxd7 Kxd7 14. Be3 Bxc3 15. bxc3 b6 16. a4 a5 17. Rab1 Kc7 18. Rfe1 Nh6 19. Bxc5 bxc5 20. Rxe6 Rhe8 21. Re5 Rxe5 22. Nxe5 Nf5 23. Rd1 Ne3 24. Rd7+ Kb6 25. Rxh7 Nxc2 26. Nxg6 Rg8 27. f5 Ne3 28. Rf7 Nd5 29. h4 Nxc3 30. h5 Ne4 31. h6 Ng5 32. h7 Nxh7 33. Rxh7 c4 34. Ne5 c3 35. Rh3 Rc8 36. Nd3 c2 37. Nc1 Rc5 38. g4 Rc4 39. Rg3 Rxa4 40. g5 Ra1 41. Kg2 Rxc1 42. Rc3 Kb5 43. g6 Kb4 44. Rc8 a4 45. g7 a3 46. g8=Q Kb5 47. Qa2 Kb4 1-0

[Event "Queens Festival Final Team 2022"]
[Site "Tornelo"]
[Date "2022.06.26"]
[Round "6.3"]
[White "Vukosavljevic, Tatjana"]
[Black "Kosgey Sheila Jerop"]
[Result "1-0"]
[ECO "E62"]
[WhiteElo "1758"]
[BlackElo "1242"]
[Annotator "NA RC"]
[PlyCount "83"]
[EventDate "2022.06.24"]
[EventType "team-tourn"]
[EventCountry "NET"]
[SourceTitle "playchess.com"]
[Source "ChessBase"]
[SourceQuality "1"]
[WhiteTeam "Serbia"]
[BlackTeam "Kenya"]
[WhiteTeamCountry "SRB"]
[BlackTeamCountry "KEN"]
[TimeControl "180+2"]

1. Nf3 g6 2. g3 Bg7 3. d4 Nf6 4. Bg2 O-O 5. O-O Re8 6. c4 c6 7. Nc3 d6 8. e4 e5 9. h3 exd4 10. Nxd4 c5 11. Ndb5 Bf8 12. Bg5 a6 13. Nd5 Nbd7 14. Nbc7 h6 15. Bxf6 Nxf6 16. Nxa8 Nxd5 17. Qxd5 Re5 18. Qd3 Be6 19. f4 Rh5 20. g4 Rh4 21. Qg3 g5 22. f5 Bxc4 23. Rfc1 Bb5 24. a4 Bc6 25. e5 Qxa8 26. Bxc6 bxc6 27. exd6 Qb7 28. Qe5 Qd7 29. Rd1 Rxh3 30. Kg2 Rb3 31. Ra3 Rxa3 32. bxa3 c4 33. Qc5 Kg7 34. Qxc4 Kg8 35. Qxa6 Bxd6 36. Qd3 Qb7 37. Qxd6 c5+ 38. Qd5 Qb2+ 39. Rd2 Qxa3 40. Qd8+ Kg7 41. f6+ Kg6 42. Qd3+ 1-0

[Event "Queens Festival Final Team 2022"]
[Site "Tornelo"]
[Date "2022.06.26"]
[Round "6.3"]
[White "Mwendwa, Triza"]
[Black "Vujcic, Milena"]
[Result "0-1"]
[ECO "A45"]
[WhiteElo "1470"]
[BlackElo "1987"]
[Annotator "NA RC"]
[PlyCount "82"]
[EventDate "2022.06.24"]
[EventType "team-tourn"]
[EventCountry "NET"]
[SourceTitle "playchess.com"]
[Source "ChessBase"]
[SourceQuality "1"]
[WhiteTeam "Kenya"]
[BlackTeam "Serbia"]
[WhiteTeamCountry "KEN"]
[BlackTeamCountry "SRB"]
[TimeControl "180+2"]

1. d4 Nf6 2. Bf4 g6 3. Nc3 d5 4. e3 Bg7 5. Be2 O-O 6. Qd2 Nbd7 7. Nf3 c6 8. h3 Re8 9. Ne5 Ne4 10. Nxe4 dxe4 11. Nc4 c5 12. c3 cxd4 13. cxd4 Nb6 14. Na3 e5 15. dxe5 Qxd2+ 16. Kxd2 Bxe5 17. Bxe5 Rxe5 18. Rhd1 Be6 19. Ke1 Rc5 20. b3 Rac8 21. Rd4 f5 22. Rd6 Bf7 23. Rad1 Kf8 24. R6d2 Ke7 25. Nb5 a6 26. Nd4 Rc1 27. a3 Rxd1+ 28. Rxd1 Rc3 29. Kd2 Rc7 30. Rc1 Rxc1 31. Kxc1 Kd6 32. Kd2 Bd5 33. Kc3 Nd7 34. Bc4 Ne5 35. Bxd5 Kxd5 36. Nc2 g5 37. Nb4+ Kc5 38. Nc2 a5 39. b4+ axb4+ 40. Nxb4 f4 41. exf4 gxf4 0-1

[Event "Queens Festival Final Team 2022"]
[Site "Tornelo"]
[Date "2022.06.26"]
[Round "6.3"]
[White "Muthoni, Vivian"]
[Black "Vujovic, Vera"]
[Result "0-1"]
[ECO "B50"]
[WhiteElo "1128"]
[BlackElo "1353"]
[Annotator "NA RC"]
[PlyCount "94"]
[EventDate "2022.06.24"]
[EventType "team-tourn"]
[EventCountry "NET"]
[SourceTitle "playchess.com"]
[Source "ChessBase"]
[SourceQuality "1"]
[WhiteTeam "Kenya"]
[BlackTeam "Serbia"]
[WhiteTeamCountry "KEN"]
[BlackTeamCountry "SRB"]
[TimeControl "180+2"]

1. e4 c5 2. Nf3 d6 3. Bc4 Nf6 4. Nc3 Nc6 5. Ng5 e6 6. d3 a6 7. a3 b5 8. Ba2 h6 9. Nf3 Bb7 10. O-O Be7 11. Bf4 O-O 12. Qe2 Re8 13. e5 dxe5 14. Nxe5 Nxe5 15. Bxe5 Bd6 16. f3 Bxe5 17. Qxe5 Qd4+ 18. Qxd4 cxd4 19. Ne4 Bxe4 20. fxe4 e5 21. c3 Rad8 22. Rf3 Re7 23. Raf1 dxc3 24. bxc3 Rc8 25. c4 bxc4 26. Bxc4 a5 27. Rg3 Rcc7 28. Rxf6 Kh7 29. Rff3 g6 30. Rf1 Kg7 31. Rgf3 Rb7 32. a4 Rbc7 33. h4 Rb7 34. Rg3 h5 35. Rg5 Rb4 36. Bb5 f6 37. Rg3 Re6 38. Rgf3 Rd6 39. g3 Rb2 40. R1f2 Rb1+ 41. Kg2 Rb4 42. Be8 Rbd4 43. Bb5 Rb4 44. Rc2 Rbd4 45. Rc7+ Kf8 46. Rc8+ Kg7 47. Rc7+ Kf8 0-1